AoeStats
← Skrzydlaty, wampiryczny Jezus

Four Lakes

509405524Analyzed
1v1 RM · 6d ago on Sep 26, 2026· 42m 5s· 2 players
Game mode
Random Map
Map size
Tiny (2 player)
Population
200
Speed
Normal
Resources
Standard
Victory
Conquest
Starting age
Dark Age
Ending age
Imperial Age
RankedLock teamsTeams togetherTeam positionsShared explorationLock speedFull tech treeHidden civsTurbo modeCheats
Victory
Defeat
1162
+15
🇮🇳 Khmer · India
1134
-15
Ajax
12:33 Feudal Age
16:38 Castle Age
15:03 Double-Bit Axe
17:30 Pikeman
18:43 Loom
26:32 Gold Mining
29:28 Wheelbarrow
31:44 Scale Barding Armor
32:19 Fletching
36:08 Bodkin Arrow
38:59 Imperial Age
38:48 Forging
Skrzydlaty, wampiryczny Jezus
5:12 Loom
10:20 Feudal Age
10:50 Horse Collar
15:16 Castle Age
13:58 Scale Mail Armor
15:44 Forging
16:29 Heavy Plow
17:01 Double-Bit Axe
24:23 Chain Mail Armor
25:24 Gold Mining
26:16 Heavy Plow
29:15 Iron Casting
36:36 Szlachta Privileges
38:38 Scale Barding Armor
38:53 Bloodlines
38:44 Husbandry
39:48 Chain Barding Armor
Connection lost

Rejoining the realm…

Still unreachable

The connection could not be restored.

Session expired

The server has moved on; the page needs a fresh start.